 Dungeon Crawl Stone Soup version 0.29.1-1-gd02db6906a (webtiles) character file.

Game seed: 9527326951115684738

1238 smilodon the Covert (level 8, -9/52 HPs)
             Began as a Vampire Enchanter on Sept 27, 2022.
             Was an Initiate of Gozag.
             Mangled by Edmund
             ... wielding a +5 dire flail of holy wrath
              (10 damage)
             ... on level 6 of the Dungeon on Sept 28, 2022.
             The game lasted 00:22:49 (6394 turns).

smilodon the Covert (Vampire Enchanter)             Turns: 6394, Time: 00:22:55

Health: -9/52      AC:  7    Str:  7    XL:     8   Next: 25%
Magic:  7/11       EV: 13    Int: 20    God:    Gozag
Gold:   733        SH:  0    Dex: 14    Spells: 4/12 levels left

rFire   . . .      SeeInvis +   a - +1 dagger (chaos)
rCold   . . .      Faith    .   (no shield)
rNeg    . . .      Spirit   .   f - +1 leather armour
rPois   .          Reflect  .   (helmet restricted)
rElec   .          Harm     .   e - +0 cloak
rCorr   .          Rampage  .   (no gloves)
Will    .....                   n - +1 pair of boots
Stlth   +.........              (no amulet)
HPRegen 0.37/turn               (no ring)
MPRegen 0.12/turn               (no ring)

@: confused, ambrosia-drunk, healing quickly
A: alive, fangs 3, see invisible, vampiric 2, antennae 1, sense surroundings 1,
MP-powered wands
a: Exsanguinate, Renounce Religion, Potion Petition, Call Merchant, Bribe Branch


You were on level 6 of the Dungeon.
You worshipped Gozag.
Gozag was pleased with you.
You visited 1 branch of the dungeon, and saw 6 of its levels.
You also visited: Sewer.

You collected 795 gold pieces.
You paid 62 gold pieces to Gozag.

Inventory:

Hand Weapons
 a - a +1 dagger of chaos (weapon)
 l - a +4 dagger
Armour
 b - a +0 robe
 e - a +0 cloak (worn)
 f - a +1 leather armour (worn)
 n - a +1 pair of boots (worn)
Jewellery
 o - a ring of fire
Wands
 d - a wand of flame (14)
Scrolls
 c - a scroll of magic mapping
 i - a scroll of blinking
 j - a scroll of silence
 k - 2 scrolls of teleportation
 p - a scroll of summoning
 r - a scroll of vulnerability {unknown}
 s - a scroll of noise
Potions
 g - a potion of mutation
 h - a potion of brilliance


   Skills:
 + Level 5.0 Short Blades
 + Level 3.1 Armour
 + Level 5.4 Dodging
 + Level 8.4 Stealth
 - Level 2.5 Spellcasting
 - Level 5.1 Hexes
 + Level 2.8 Necromancy
 + Level 1.4 Ice Magic


You had 4 spell levels left.
You knew the following spells:

 Your Spells              Type           Power      Damage    Failure   Level
a - Ensorcelled Hibernat  Hex/Ice        30%        N/A       9%          2
b - Tukima's Dance        Hex            23%        N/A       8%          3
c - Vampiric Draining     Necr           13%        2d6       21%         3

Your spell library contained the following spells:

 Spells                   Type           Power      Damage    Failure   Level
 Necrotise                Necr           52%        1d6       7%          1
 Confusing Touch          Hex            23%        N/A       8%          3
 Shock                    Conj/Air       8%         1d3       22%         1
 Dazzling Flash           Conj/Hex       24%        N/A       22%         3
 Swiftness                Air            2%         N/A       54%         3
 Airstrike                Air            1%         2d(1-17)  91%         4
 Agony                    Necr           13%        N/A       88%         5
 Summon Forest            Summ/Tloc      1%         N/A       99%         5
 Eringya's Noxious Bog    Tmut/Pois      1%         N/A       100%        6
 Summon Hydra             Summ           1%         N/A       100%        7


Dungeon Overview and Level Annotations

Branches:
Dungeon (6/15)             Temple (0/1) D:6           Sewer (visited)

Altars:
Fedhas
Gozag
Kikubaaqudgha
Makhleb
Nemelex Xobeh
Qazlal
Ru
Sif Muna
Yredelemnul

Annotations:
D:6 Edmund


Innate Abilities, Weirdness & Mutations

Your natural rate of healing is accelerated.
You have razor-sharp teeth.
You have supernaturally acute eyesight. (SInv)
You are afflicted with vampirism and can become a bat while bloodless.
You have a pair of small antennae on your head.
You passively map a small area around you.
You expend magic power (3 MP) to strengthen your wands.


Message History

The orc wizard's hands twitch.
The orc wizard closely misses you. The orc hits you but does no damage.
The orc wizard hits you but does no damage.
The orc wizard attacks as you move away!
The orc wizard barely misses you.
The orc wizard attacks as you move away!
The orc wizard misses you. The orc closely misses you. The orc misses you.
The orc wizard gestures at you while chanting.
You are confused.
Edmund attacks as you move away! Edmund closely misses you.
The orc wizard gestures at you while chanting.
The puff of flame misses the orc wizard.
The puff of flame misses you.
You closely miss the orc wizard.
The orc wizard is heavily wounded.
The orc wizard barely misses you.
Edmund hits you with a +5 dire flail of holy wrath!
You convulse!
Unknown command.
You are too confused!
You feel much better. The orc hits you but does no damage.
The orc wizard hits you. Edmund barely misses you.
The orc hits you but does no damage.
The orc wizard hits you but does no damage. x2
Edmund closely misses you. The orc hits you with a +0 club.
The orc wizard misses you. The orc wizard closely misses you.
Edmund hits you with a +5 dire flail of holy wrath!
You convulse!
* * * LOW HITPOINT WARNING * * *
You are too confused!
Unknown command.
You are more confused.
You feel invigorated. The orc closely misses you. The orc wizard misses you. x2
Edmund hits you with a +5 dire flail of holy wrath!
* * * LOW HITPOINT WARNING * * *
You convulse!
You die...
Your body crumbles into a pile of gold.

.............##.##.#.#*,,*,**,***
..............#...$#.#*,#*,,*,***
..............#....#.#*.#**,,,**,
..............#*.....#..#,.,,,,,,
..........>...#*#....#.##..,,.##.
..............###...)......**....
...................))....#.*,,,..
.............####o$........,,,,,,
.....##.........@o.......#.**,*,,
.....,...###.###o@.........,,,,,,
,,,,,,.##* #.**#.........##*,,,,,
,,,,,,,* #.,*#...#.###...,,,,..
,****,** ##,,#.....# *,.#**,...
,* *,* **,.$#...#**,,.,,,... ,**
*,********#.......,,,,,,**#..
,,***,**,,,,,,...##..##**,,** ###
,,,**,**,,,,,,,,,**,,,,,,,,**


You could see Edmund, 2 orc wizards and an orc.

Vanquished Creatures
  A black bear (D:4)
  5 kobold brigands (Sewer)
  2 scorpions (D:5)
  A necrophage (D:5)
  Ijyb (D:3)
  An iguana (D:4)
  3 orc wizards
  4 gnolls
  9 adders
  A river rat (D:6)
  An ufetubus (D:3)
  7 worms
  4 dart slugs
  16 orcs
  9 endoplasms
  6 giant cockroaches
  6 goblins
  2 hobgoblins
  10 jackals
  9 kobolds
  9 ball pythons
  3 bats (D:1)
  A frilled lizard (D:1)
  18 rats
129 creatures vanquished.

Vanquished Creatures (collateral kills)
  An ogre (D:5)
  A kobold brigand (Sewer)
  3 gnolls
  8 orcs
13 creatures vanquished.

Vanquished Creatures (others)
  10 dancing weapons
  A rat (D:6)
11 creatures vanquished.

Grand Total: 153 creatures vanquished

Notes
Turn   | Place    | Note
-------+----------+-------------------------------------------
     0 | D:1      | smilodon the Vampire Enchanter began the quest for the Orb.
     0 | D:1      | Reached XP level 1. HP: 13/13 MP: 3/3
   243 | D:1      | Found a faded altar of an unknown god.
   309 | D:1      | Reached XP level 2. HP: 19/19 MP: 5/5
   333 | D:1      | Learned a level 2 spell: Ensorcelled Hibernation
   981 | D:1      | Reached skill level 5 in Stealth
   981 | D:1      | Gained mutation: You are afflicted with vampirism and can
                  | become a bat while bloodless. [Vampire growth]
   981 | D:1      | Reached XP level 3. HP: 13/24 MP: 3/6
  1023 | D:1      | Learned a level 3 spell: Tukima's Dance
  1522 | D:1      | Reached skill level 5 in Hexes
  1564 | D:2      | Reached XP level 4. HP: 24/30 MP: 0/7
  1844 | D:3      | Found a sparkling altar of Nemelex Xobeh.
  1845 | D:3      | Found a blossoming altar of Fedhas.
  1845 | D:3      | Found an opulent altar of Gozag.
  1927 | D:3      | Found a basalt altar of Yredelemnul.
  1927 | D:3      | Found a burning altar of Makhleb.
  1929 | D:3      | Found a sacrificial altar of Ru.
  1929 | D:3      | Found an ancient bone altar of Kikubaaqudgha.
  1931 | D:3      | Found a shimmering blue altar of Sif Muna.
  1946 | D:3      | Became a worshipper of Gozag Ym Sagoz the Greedy
  2598 | D:3      | Reached XP level 5. HP: 35/35 MP: 8/8
  2666 | D:3      | Noticed Ijyb
  2681 | D:3      | Killed Ijyb
  2736 | D:3      | Reached skill level 1 in Armour
  2736 | D:3      | Reached skill level 6 in Stealth
  3052 | D:4      | Noticed a black bear
  3053 | D:4      | Killed a black bear
  3054 | D:4      | Reached XP level 6. HP: 41/41 MP: 9/9
  4277 | D:5      | Entered Level 5 of the Dungeon
  4367 | D:5      | Reached skill level 7 in Stealth
  4473 | D:5      | Found a stormy altar of Qazlal.
  4478 | D:5      | Learned a level 3 spell: Vampiric Draining
  4480 | D:5      | Noticed a water elemental
  4481 | D:5      | Noticed a fire elemental
  4481 | D:5      | Noticed an air elemental
  4586 | D:5      | Reached XP level 7. HP: 46/46 MP: 10/10
  4679 | D:5      | Reached skill level 1 in Necromancy
  5102 | D:6      | Found a glowing drain.
  5125 | Sewer    | Entered a sewer
  5268 | Sewer    | Reached skill level 5 in Dodging
  5721 | Sewer    | Reached skill level 8 in Stealth
  5837 | Sewer    | Reached XP level 8. HP: 27/52 MP: 11/11
  6021 | Sewer    | Reached skill level 1 in Ice Magic
  6122 | Sewer    | Reached skill level 5 in Short Blades
  6201 | Sewer    | Gained mutation: You expend magic power (3 MP) to
                  | strengthen your wands. [potion of mutation]
  6201 | Sewer    | Gained mutation: You are frail. (-10% HP) [potion of
                  | mutation]
  6201 | Sewer    | Gained mutation: You are strong-willed. (Will+) [potion of
                  | mutation]
  6202 | Sewer    | Lost mutation: You are frail. (-10% HP) [potion of
                  | mutation]
  6202 | Sewer    | Lost mutation: You are strong-willed. (Will+) [potion of
                  | mutation]
  6202 | Sewer    | Gained mutation: You passively map a small area around you.
                  | [potion of mutation]
  6202 | Sewer    | Gained mutation: You have a pair of small antennae on your
                  | head. [potion of mutation]
  6381 | D:6      | Noticed Edmund
  6394 | D:6      | HP: 1/52 [Edmund/+5 dire flail of holy wrath (14)]
  6394 | D:6      | Mangled by Edmund

Illustrated notes

Levels and vault maps discovered:
D:1:      matt_arrival_diagonals, layout_basic,
          hellmonk_ecumenical_altar_arch_garden
D:2:      layout_rooms
D:3:      layout_basic, grunt_temple_overflow_open,
          chequers_serial_rivers_large_a, minmay_misc_feat_roman,
          nicolae_titane, uniq_ijyb
D:4:      layout_cave_pods
D:5:      layout_basic, nicolae_qazlal_style_of_elements
D:6:      layout_rooms, mainiacjoe_overflow_24_doors,
          minmay_temple_entry_statues_pillars, portal_sewer_entry_c,
          chequers_serial_rivers_small_3, uniq_edmund

Skill      XL: |  1  2  3  4  5  6  7  8 |
---------------+-------------------------+-----
Stealth        | 5 6 7 8 |  8.4
Short Blades   | 2 3 4 5 |  5.0
Hexes          | 5 |  5.1
Dodging        | 3 4 5 |  5.4
Armour         | 1 2 3 |  3.1
Necromancy     | 2 |  2.8
Ice Magic      | 1 |  1.4
Spellcasting   | |  2.5

Action                   |  1- 3 |  4- 6 |  7- 9 || total
-------------------------+-------+-------+-------++-------
Melee: Dagger            |   139 |   218 |   272 ||   629
       Bite              |    13 |    24 |    31 ||    68
       Punch             |     4 |     1 |     2 ||     7
 Cast: Ensorcelled Hiber |     4 |     3 |       ||     7
       Tukima's Dance    |     6 |    18 |    15 ||    39
  Use: Potion            |     5 |     7 |     6 ||    18
       Scroll            |     3 |     7 |     6 ||    16
 Stab: Sleeping          |     9 |    16 |     2 ||    27
       Paralysed         |       |     1 |     2 ||     3
       Petrifying        |       |       |     2 ||     2
       Confused          |       |       |     1 ||     1
Armor: Leather armour    |    58 |    57 |    64 ||   179
Dodge: Dodged            |    90 |   113 |   171 ||   374
